 Dungeon Crawl Stone Soup version 0.23.2-1-ga50397a6bc (webtiles) character file.

Game seed: 7853432400705045625

8276 Kobolds4U the Carver (level 11, -3/102 HPs)
             Began as a Minotaur Fighter on Apr 29, 2019.
             Was a Priest of Ru.
             Slain by Snorg (6 damage)
             ... on level 11 of the Dungeon.
             The game lasted 00:28:16 (11897 turns).

Kobolds4U the Carver (Minotaur Fighter)            Turns: 11897, Time: 00:28:17

Health: -3/102     AC: 23    Str: 25    XL:     11   Next: 7%
Magic:  10/10      EV:  9    Int:  6    God:    Ru [***...]
Gold:   705        SH:  5    Dex: 13    Spells: 10/10 levels left

rFire    + . .     SeeInvis .   U - +2 falchion (protect)
rCold    + . .     Gourm    .   l - +0 buckler
rNeg     . . .     Faith    .   T - +0 plate armour (curse)
rPois    .         Spirit   .   (helmet restricted)
rElec    .         Reflect  .   D - scarf {rC+ rF+}
rCorr    .         Harm     .   r - +0 pair of gloves
MR       .....                  q - +0 pair of boots
Stlth    ..........             (no amulet)
HPRegen  0.27/turn              m - +2 ring of evasion
MPRegen  0.12/turn              z - ring of flight

@: mighty, protection aura
A: retaliatory headbutt, horns 2, hated by all, inability to train dodging
a: Draw Out Power, Renounce Religion, Evoke Flight


You were on level 11 of the Dungeon.
You worshipped Ru.
Ru was most pleased with you.
You were hungry.

You visited 2 branches of the dungeon, and saw 12 of its levels.

You collected 705 gold pieces.

Inventory:

Hand Weapons
 P - a +0 long sword of holy wrath
 U - a +2 falchion of protection (weapon)
Missiles
 A - 22 tomahawks (quivered)
Armour
 b - the +1 leather armour "Wuella Tabb" {Dex+3, unknown}
   (You found it on level 8 of the Dungeon)

   It affects your dexterity (+3).
 l - a +0 buckler (worn)
 q - a +0 pair of boots (worn)
 r - a +0 pair of gloves (worn)
 D - a scarf of resistance (worn)
 H - a scarf of cloud immunity
 K - a +0 chain mail of poison resistance
 S - a +0 cloak
 T - a cursed +0 plate armour (worn)
Jewellery
 g - an uncursed ring of ice
 m - a +2 ring of evasion (left hand)
 p - a +4 ring of intelligence
 z - a ring of flight (right hand)
 I - an uncursed ring of ice
 R - the ring "Ubbuk" {+Inv rPois rN+ MR- EV-3 Str+2}
   (You found it on level 9 of the Dungeon)

   [ring of evasion]

   It affects your evasion (-3).
   It affects your strength (+2).
   It protects you from poison.
   It protects you from negative energy.
   It affects your resistance to hostile enchantments.
   It lets you turn invisible.
Wands
 w - a wand of paralysis (11)
 x - a wand of flame (48)
 J - a wand of clouds (7)
 M - a wand of iceblast (9)
Scrolls
 e - 2 scrolls of identify
 h - 2 scrolls of blinking {unknown}
 j - 5 scrolls of amnesia
 k - 2 scrolls of fear
 u - 2 scrolls of remove curse
 y - 2 scrolls of teleportation {unknown}
 B - 2 scrolls of immolation {unknown}
 C - 4 scrolls of enchant armour {unknown}
 F - 2 scrolls of noise {unknown}
 G - 2 scrolls of magic mapping {unknown}
 L - a scroll of vulnerability {unknown}
 N - a scroll of enchant weapon {unknown}
 O - a scroll of random uselessness {unknown}
 Q - a scroll of silence {unknown}
 V - a scroll of fog {unknown}
Potions
 d - a potion of might
 i - 3 potions of curing
 n - 3 potions of cancellation
 o - 2 potions of invisibility
 s - a potion of agility
 t - a potion of ambrosia {unknown}
 v - a potion of magic {unknown}
 E - a potion of haste {unknown}
Comestibles
 f - 15 rations


   Skills:
 * Level 11.1 Fighting
 * Level 14.7 Long Blades
 * Level 8.7 Armour
   Level 0.0 Dodging
 - Level 4.2 Shields


You had 10 spell levels left.
You didn't know any spells.
Your spell library contained the following spells:

 Spells                   Type           Power        Failure   Level  Hunger
 Apportation              Tloc           #.....       99%         1    ##.....
 Beastly Appendage        Tmut           #.....       99%         1    ##.....
 Confusing Touch          Hex            #.....       99%         1    ##.....
 Freeze                   Ice            #...         99%         1    ##.....
 Throw Frost              Conj/Ice       #.....       100%        2    ###....
 Inner Flame              Hex/Fire       #.......     100%        3    ####...
 Ozocubu's Armour         Chrm/Ice       #.......     100%        3    ####...
 Spider Form              Tmut/Pois      #.........   100%        3    ####...
 Stone Arrow              Conj/Erth      #.....       100%        3    ####...
 Ice Form                 Ice/Tmut       #.......     100%        4    #####..
 Throw Icicle             Conj/Ice       #.......     100%        4    #####..
 Blade Hands              Tmut           #.........   100%        5    ######.
 Animate Skeleton         Necr           Unusable     N/A         1    N/A
 Summon Small Mammal      Summ           Unusable     N/A         1    N/A
 Sticks to Snakes         Tmut           Unusable     N/A         2    N/A
 Summon Ice Beast         Ice/Summ       Unusable     N/A         4    N/A

Dungeon Overview and Level Annotations

Branches:
Dungeon (11/15)            Temple (1/1) D:6            Lair (0/6) D:9
    Orc (0/2) D:9

Altars:
Ashenzari
Cheibriados
Dithmenos
Elyvilon
Fedhas
Gozag
Hepliaklqana
Kikubaaqudgha
Makhleb
Nemelex Xobeh
Okawaru
Qazlal
Ru
Sif Muna
Trog
Uskayaw
Vehumet
Wu Jian
Xom
Yredelemnul
Zin
The Shining One

Portals:
Trove: D:11 (give +5 fire dragon scales)

Annotations:
D:11 Snorg


Innate Abilities, Weirdness & Mutations

You reflexively headbutt those who attack you in melee.
You have a pair of horns on your head.
You are hated by all.
You cannot train Dodging skill.


Message History

Snorg stops glowing.
Snorg bites you but does no damage. Snorg claws you.
* * * LOW HITPOINT WARNING * * *
Snorg claws you.
* * * LOW HITPOINT WARNING * * *
You feel very mighty all of a sudden. Snorg closely misses you.
You riposte.
You slash Snorg!
Your weapon exudes an aura of protection.
Snorg is severely wounded.
Snorg claws you but does no damage. You block Snorg's attack.
You closely miss Snorg. Your headbutt misses Snorg.
Snorg is severely wounded.
Snorg barely misses you. You furiously retaliate!
You headbutt Snorg!
You riposte.
You slash Snorg!
Snorg is almost dead.
Snorg claws you but does no damage. You block Snorg's attack.
You barely miss Snorg. You headbutt Snorg!
Snorg is almost dead.
Snorg barely misses you. Snorg claws you.
You die...

....#...........#))...#......#
....###############...###'####
....#......#......#....#....#
....#......#......#....#....#
....#......'......#....#....#
....#......#......#....#....#
....######.####...##'########
#....#.......# #....#.@.....#
#....#.T.....# #....#.......#
#....####'########
#....#............
#....#............
######............
#............ #............


You could see Snorg (berserk).

Vanquished Creatures
  Fannar (D:10)
  A two-headed ogre (D:9)
  Pikel (D:4)
  A manticore (D:11)
  Psyche (D:10)
  A troll (D:9)
  A shadow (D:11)
  Sigmund (D:2)
  A vampire (D:10)
  Grum (D:9)
  A hungry ghost (D:10)
  Menkaure (D:5)
  A water moccasin (D:11)
  Duvessa (D:4)
  Purgy (D:4)
  A sky beast (D:11)
  4 orc warriors
  A slave (D:4)
  5 ice beasts
  2 phantoms
  3 black bears
  4 ogres
  A necrophage (D:9)
  2 wolves (D:9)
  5 bullfrogs
  A wyvern zombie (D:10)
  Dowan (D:4)
  A scorpion (D:9)
  A howler monkey (D:5)
  2 centaur zombies
  9 crimson imps
  A quasit (D:8)
  2 bullfrog zombies
  4 hounds
  A jelly (D:10)
  10 orc wizards
  7 orc priests
  2 bullfrog skeletons (D:6)
  5 worker ants
  6 iguanas
  A killer bee zombie (D:8)
  2 hound zombies
  3 hound skeletons
  A howler monkey zombie (D:7)
  2 worker ant zombies (D:6)
  11 gnolls
  9 adders
  6 shadow imps
  2 adder zombies
  3 adder skeletons
  4 worms
  2 dart slugs
  5 leopard geckos
  38 orcs
  6 giant cockroaches
  9 goblins
  2 hobgoblins
  9 jackals
  7 kobolds
  4 quokkas
  2 ball pythons
  6 bats
  11 frilled lizards
  A quokka skeleton (D:8)
  6 rats
248 creatures vanquished.

Vanquished Creatures (others)
  2 orcs (D:4)
  A leopard gecko skeleton (D:4)
3 creatures vanquished.

Grand Total: 251 creatures vanquished

Notes
Turn   | Place    | Note
-------+----------+-------------------------------------------
     0 | D:1      | Kobolds4U the Minotaur Fighter began the quest for the Orb.
     0 | D:1      | Reached XP level 1. HP: 19/19 MP: 0/0
    96 | D:1      | Reached skill level 3 in Long Blades
   200 | D:1      | Reached XP level 2. HP: 26/26 MP: 1/1
   580 | D:1      | Reached skill level 4 in Long Blades
   792 | D:2      | Reached XP level 3. HP: 30/31 MP: 2/2
  1130 | D:2      | Noticed Sigmund
  1178 | D:2      | Reached skill level 5 in Long Blades
  1589 | D:2      | Killed Sigmund
  1589 | D:2      | Reached skill level 7 in Long Blades
  1589 | D:2      | Reached XP level 4. HP: 34/39 MP: 3/3
  1589 | D:2      | Reached XP level 5. HP: 39/45 MP: 4/4
  2075 | D:3      | Reached XP level 6. HP: 39/51 MP: 5/5
  2309 | D:3      | Reached skill level 8 in Long Blades
  2689 | D:4      | Noticed Purgy
  2705 | D:4      | Killed Purgy
  2705 | D:4      | Reached skill level 9 in Long Blades
  2705 | D:4      | Reached XP level 7. HP: 54/57 MP: 6/6
  2747 | D:4      | Noticed Pikel
  2772 | D:4      | Killed Pikel
  2772 | D:4      | Reached skill level 11 in Long Blades
  2894 | D:4      | Reached XP level 8. HP: 66/66 MP: 7/7
  2936 | D:4      | Noticed Duvessa
  2937 | D:4      | Noticed Dowan
  2966 | D:4      | Killed Duvessa
  3003 | D:4      | Killed Dowan
  3003 | D:4      | Reached skill level 5 in Fighting
  3538 | D:5      | Entered Level 5 of the Dungeon
  4710 | D:5      | Noticed Menkaure
  4715 | D:5      | Killed Menkaure
  4880 | D:6      | Reached skill level 12 in Long Blades
  4888 | D:6      | Reached XP level 9. HP: 71/81 MP: 8/8
  5049 | D:6      | Found a stormy altar of Qazlal.
  5160 | D:6      | Found a staircase to the Ecumenical Temple.
  5227 | Temple   | Entered the Ecumenical Temple
  5464 | Temple   | Became a worshipper of Ru the Awakened
  6656 | D:8      | Reached skill level 5 in Armour
  6672 | D:8      | Gained mutation: You are hated by all. [Ru sacrifice]
  6672 | D:8      | Reached * piety under Ru
  7142 | D:8      | Got a brightly glowing leather armour
  7358 | D:9      | Found a staircase to the Lair.
  7413 | D:9      | Noticed a troll
  7432 | D:9      | Killed a troll
  7432 | D:9      | Reached skill level 13 in Long Blades
  7825 | D:9      | Reached XP level 10. HP: 92/92 MP: 9/9
  7870 | D:9      | Found a shattered altar of Ashenzari.
  7903 | D:9      | Noticed Grum
  7923 | D:9      | Killed Grum
  8074 | D:9      | Noticed a two-headed ogre
  8084 | D:9      | Killed a two-headed ogre
  8084 | D:9      | Reached skill level 10 in Fighting
  8238 | D:9      | Got a coiled marble ring
  8240 | D:9      | Identified the cursed ring "Ubbuk" {+Inv rPois rN+ MR- EV-3
                  | Str+2} (You found it on level 9 of the Dungeon)
  8254 | D:9      | Found a staircase to the Orcish Mines.
  8397 | D:9      | Reached skill level 1 in Dodging
  8542 | D:9      | Reached skill level 14 in Long Blades
  8623 | D:10     | Entered Level 10 of the Dungeon
  8623 | D:10     | Noticed Fannar
  8918 | D:10     | Gained mutation: You cannot train Dodging skill. [Ru
                  | sacrifice]
  8918 | D:10     | Reached ** piety under Ru
  8918 | D:10     | Reached *** piety under Ru
  9195 | D:10     | Noticed Psyche
  9212 | D:10     | Killed Psyche
  9727 | D:10     | Noticed a death knight
 10410 | D:10     | Killed Fannar
 11211 | D:11     | Identified the Grimoire of Dusty Execration
 11239 | D:11     | Noticed a manticore
 11258 | D:11     | Killed a manticore
 11258 | D:11     | Reached XP level 11. HP: 37/101 MP: 10/10
 11609 | D:11     | Found a portal to a secret trove of treasure.
 11869 | D:11     | Noticed Snorg
 11889 | D:11     | HP: 5/102 [Snorg (4)]
 11894 | D:11     | HP: 3/102 [Snorg (3)]
 11897 | D:11     | Slain by Snorg

Skill      XL: |  1  2  3  4  5  6  7  8  9 10 11 |
---------------+----------------------------------+-----
Long Blades    | 3 4 7 9 11 12 13 14 | 14.7
Fighting       | 7 9 10 11 | 11.1
Armour         | 6 8 |  8.7
Dodging        | 0 |  0.0
Shields        | 4 |  4.2

Action                   |  1- 3 |  4- 6 |  7- 9 | 10-12 || total
-------------------------+-------+-------+-------+-------++-------
Melee: Long sword        |   114 |    95 |   350 |     4 ||   563
       Headbutt          |    18 |    10 |   111 |   114 ||   253
       Falchion          |       |       |    93 |   423 ||   516
Invok: Sacrifice Love    |       |       |     1 |       ||     1
       Sacrifice Nimblen |       |       |       |     1 ||     1
  Use: Scroll            |       |       |     9 |     2 ||    11
       Potion            |       |       |       |     3 ||     3
 Stab: Invisible         |       |       |       |     3 ||     3
  Eat: Chunk             |     2 |     4 |    16 |     8 ||    30
       Ration            |       |       |       |     2 ||     2
Armor: Scale mail        |    52 |    33 |       |       ||    85
       Chain mail        |       |    18 |   196 |    44 ||   258
       Plate armour      |       |       |       |    88 ||    88
Dodge: Dodged            |    53 |    40 |   157 |   100 ||   350
Block: Shield            |    21 |       |       |       ||    21
       Buckler           |    16 |    18 |    84 |    57 ||   175
       Rpst.: Long sword |    10 |     6 |    38 |       ||    54
       Falchion          |       |       |     9 |    32 ||    41
